 Dungeon Crawl Stone Soup version 0.27-a0-1242-ge70438ac7b (webtiles) character file.

Game seed: 9056550808437771391

622 Glokmah the Ruffian (level 7, -4/70 HPs)
             Began as a Troll Monk on June 9, 2021.
             Slain by a gnoll
             ... wielding a +0 whip
              (5 damage)
             ... on level 4 of the Dungeon.
             The game lasted 00:03:33 (2504 turns).

Glokmah the Ruffian (Troll Monk)                    Turns: 2504, Time: 00:03:34

Health: -4/70      AC:  6    Str: 22    XL:     7   Next: 22%
Magic:  6/6        EV: 11    Int:  6    God:
Gold:   161        SH:  0    Dex: 12    Spells: 6/6 levels left

rFire    . . .     SeeInvis .     - Unarmed
rCold    + . .     Faith    .   (no shield)
rNeg     . . .     Spirit   .   n - +2 robe {rC+}
rPois    .         Reflect  .   (helmet restricted)
rElec    .         Harm     .   (no cloak)
rCorr    .         Rampage  .   (gloves unavailable)
Will     .....                  (boots unavailable)
Stlth    ++........             (no amulet)
HPRegen  1.21/turn              (no ring)
MPRegen  0.10/turn              (no ring)

@: brilliant, lethally poisoned (-4 -> -10)
A: large, unfitting armour, claws 3, regeneration 1, shaggy fur 1, tough skin 1
a: no special abilities


You were on level 4 of the Dungeon.
You visited 1 branch of the dungeon, and saw 4 of its levels.

You collected 161 gold pieces.

Inventory:

Missiles
 a - 14 poisoned darts
 b - 7 boomerangs (quivered)
Armour
 n - a +2 robe of cold resistance (worn)
Jewellery
 m - an amulet of guardian spirit
Scrolls
 c - a scroll of brand weapon {unknown}
 f - 2 scrolls of acquirement {unknown}
 g - a scroll of teleportation {unknown}
 h - a scroll of identify {unknown}
 i - a scroll of enchant weapon {unknown}
 j - a scroll of amnesia {unknown}
 k - a scroll of holy word {unknown}
 l - a scroll of noise {unknown}
Potions
 o - a potion of degeneration {unknown}


   Skills:
 + Level 4.0 Fighting
 + Level 4.0 Dodging
 - Level 1.0 Stealth
 * Level 6.3 Unarmed Combat


You had 6 spell levels left.
You didn't know any spells.
Your spell library was empty.

Dungeon Overview and Level Annotations

Branches:
Dungeon (4/15)
 Temple: D:4-7

Altars:


Innate Abilities, Weirdness & Mutations

You are too large for most types of armour.
You have claws for hands.
Your natural rate of healing is unusually fast.
You are covered in fur. (AC +1)
You have tough skin. (AC +1)


Message History

You feel very sick. The gnoll closely misses you.
The gnoll sergeant completely misses you.
Unknown command.
You scratch the gnoll sergeant.
The gnoll sergeant is severely wounded.
* * * LOW HITPOINT WARNING * * *
You feel very sick. The gnoll barely misses you.
The gnoll sergeant hits you with a +0 spear of venom.
* * * LOW HITPOINT WARNING * * *
You are more poisoned.
You feel much better.
You feel very sick. The gnoll hits you but does no damage.
The gnoll sergeant hits you with a +0 spear of venom.
* * * LOW HITPOINT WARNING * * *
You are lethally poisoned!
You claw the gnoll sergeant!
You kill the gnoll sergeant!
* * * LOW HITPOINT WARNING * * *
You feel very sick. The gnoll hits you but does no damage.
Your Fighting skill increases to level 4!
Your Dodging skill increases to level 4!
You barely miss the gnoll. Your claw misses the gnoll.
* * * LOW HITPOINT WARNING * * *
You feel very sick. The gnoll barely misses you.
You closely miss the gnoll.
* * * LOW HITPOINT WARNING * * *
You feel very sick. The gnoll hits you with a +0 whip.
* * * LOW HITPOINT WARNING * * *
It was a potion of brilliance.
You feel clever all of a sudden.
* * * LOW HITPOINT WARNING * * *
You feel very sick. The gnoll hits you with a +0 whip.
You die...

#.......##g.........##
.....##.....##.##....# ..
..........[##### .....
... .#.......# ###..##
.... ##......#####.#..#
....# ##..##..#......##
.....###...##..........##
...................)##...
.#..g@).....##.##....# .
##.....†....#........ .
###...........#...#.## #
#............###g.#.# .
#..#............g## # #
#.####............# ## #
... ###............#
.##....
..#.##..............##
...(...
#.#..................#


You could see a gnoll.

Vanquished Creatures
  A black bear (D:3)
  2 phantoms (D:3)
  A gnoll sergeant (D:4)
  A scorpion (D:4)
  A wyvern skeleton (D:4)
  A hound (D:4)
  An orc wizard (D:3)
  4 adders
  4 gnolls
  3 worms (D:3)
  2 dart slugs
  7 orcs (D:3)
  4 endoplasms
  3 giant cockroaches
  3 goblins
  5 hobgoblins
  4 jackals (D:4)
  6 kobolds
  A quokka (D:1)
  5 ball pythons
  4 bats
  6 frilled lizards
  3 rats (D:1)
72 creatures vanquished.

Notes
Turn   | Place    | Note
-------+----------+-------------------------------------------
     0 | D:1      | Glokmah the Troll Monk began the quest for the Orb.
     0 | D:1      | Reached XP level 1. HP: 22/22 MP: 0/0
   144 | D:1      | Reached XP level 2. HP: 29/29 MP: 1/1
   896 | D:2      | Reached XP level 3. HP: 34/36 MP: 2/2
  1207 | D:2      | Found a faded altar of an unknown god.
  1481 | D:3      | Noticed a phantom
  1534 | D:3      | Killed a phantom
  1535 | D:3      | Reached skill level 4 in Unarmed Combat
  1535 | D:3      | Reached XP level 4. HP: 29/45 MP: 3/3
  1568 | D:3      | Noticed a phantom
  1586 | D:3      | Killed a phantom
  1587 | D:3      | Reached XP level 5. HP: 49/53 MP: 4/4
  1590 | D:3      | Reached skill level 5 in Unarmed Combat
  1863 | D:3      | Reached XP level 6. HP: 54/61 MP: 5/5
  2467 | D:3      | Reached skill level 6 in Unarmed Combat
  2467 | D:3      | Reached XP level 7. HP: 40/68 MP: 6/6
  2504 | D:4      | HP: 1/70 [poisoned by a gnoll sergeant]
  2504 | D:4      | Slain by a gnoll

Illustrated notes

Levels and vault maps discovered:
D:1:      dpeg_arrival_shelter, layout_basic
D:2:      layout_basic, basic_ecumenical_altar
D:3:      layout_loops_ring, kennysheep_donut, st_stairs_14
D:4:      layout_cave_pools

Skill      XL: |  1  2  3  4  5  6  7 |
---------------+----------------------+-----
Fighting       | 3 4 |  4.0
Dodging        | 3 4 |  4.0
Unarmed Combat | 4 5 6 |  6.3
Stealth        | |  1.0

Action                   |  1- 3 |  4- 6 |  7- 9 || total
-------------------------+-------+-------+-------++-------
Melee: Unarmed           |    85 |   110 |    10 ||   205
       Punch             |       |     3 |       ||     3
  Use: Potion            |       |     1 |     2 ||     3
 Stab: Sleeping          |     2 |     4 |       ||     6
Armor: Robe              |    29 |    38 |     3 ||    70
Dodge: Dodged            |    42 |    52 |     8 ||   102

Table legend: (Time is in decaauts)
 A = Elapsed time spent in this place.
 B = Non-inter-level travel time spent in this place.
 C = Inter-level travel time spent in this place.
 D = Time resting spent in this place.
 E = Time spent auto-exploring this place.
 F = Levels seen in this place.
 G = Mean time per level.
                   A        B        C        D        E       F      G
               +--------+--------+--------+--------+--------+-----+--------+
         Total |   2492 |   2201 |    291 |     29 |   1564 |   4 |  623.0 |
       Dungeon |   2492 |   2201 |    291 |     29 |   1564 |   4 |  623.0 |
               +--------+--------+--------+--------+--------+-----+--------+

Top non-repeatable levels by time:
     D:1: 831 daAuts
     D:3: 812 daAuts
     D:2: 676 daAuts
     D:4: 173 daAuts
